 Dungeon Crawl Stone Soup version 0.17.0-26-gececa24 (webtiles) character file.

133 Gorice the Skirmisher (level 4, -1/39 HPs)
             Began as a Demonspawn Wanderer on Nov 20, 2015.
             Was an Initiate of Okawaru.
             Slain by Grinder (3 damage)
             ... on level 3 of the Dungeon.
             The game lasted 00:10:53 (2466 turns).

Gorice the Skirmisher (Demonspawn Wanderer)         Turns: 2466, Time: 00:10:53

Health: -1/39      AC:  9    Str: 22    XL:     4   Next: 93%
Magic:  0/4        EV:  8    Int: 10    God:    Okawaru [......]
Gold:   129        SH:  8    Dex: 12    Spells: 0 memorised, 3 levels left

rFire  . . .     SeeInvis .     b - +0 falchion
rCold  + . .     Clarity  .     f - +0 scale mail (curse)
rNeg   . . .     SustAt   .     a - +0 shield
rPois  .         Gourm    .     u - +0 helmet
rElec  .         Spirit   +     (no cloak)
rCorr  .         Warding  .     (no gloves)
rMut   .         Stasis   .     i - +0 pair of boots
MR     .....                    (no amulet)
Stlth  ..........               (no ring)
                                x - +2 ring of evasion

@: mighty, not resistant to hostile enchantments, extremely unstealthy
A: molten scales 1, cold resistance 1, magic shield
a: Renounce Religion


You were on level 3 of the Dungeon.
You worshipped Okawaru.
Okawaru was noncommittal.
You were not hungry.

You visited 1 branch of the dungeon, and saw 3 of its levels.

You collected 129 gold pieces.

Inventory:

Hand Weapons
 b - a +0 falchion (weapon)
 B - a +2 war axe of flaming
   (You took it off an orc on level 3 of the Dungeon)
Missiles
 l - 12 sling bullets of frost
 v - 47 sling bullets
 D - 11 bolts
 Z - 135 stones (quivered)
Armour
 a - a +0 shield (worn)
 d - a +0 chain mail
 f - a cursed +0 scale mail (worn)
 i - a +0 pair of boots (worn)
 u - a +0 helmet (worn)
Jewellery
 x - a +2 ring of evasion (left hand)
Scrolls
 k - 3 scrolls of remove curse
 q - a scroll of teleportation {!r}
 s - a scroll of immolation {!r}
 w - a scroll of enchant armour {unknown}
 A - a scroll of magic mapping {unknown}
Potions
 c - a potion of lignification {!q}
 m - a potion of degeneration {unknown}
 o - a potion of flight {unknown}
 r - a potion of magic {unknown}
 z - a potion of curing {unknown}
Books
 t - a book of Unlife
 y - a book of the Warp
Comestibles
 e - 4 bread rations {!e}
 g - a slice of pizza
 h - 2 chunks of flesh
 p - a royal jelly
 C - a meat ration {!e}
 E - a beef jerky


   Skills:
 - Level 5.4 Fighting
 * Level 4.5 Long Blades
 - Level 1.0 Throwing
 + Level 1.1 Armour
 - Level 1.0 Shields


You had 3 spell levels left.
You didn't know any spells.

Dungeon Overview and Level Annotations

Branches:
Dungeon (3/15)

Altars:
Okawaru
Trog

Annotations:
D:3 Grinder


Innate Abilities, Weirdness & Mutations

You are partially covered in molten scales (AC +1).
Your flesh is cold resistant.
When hurt, damage is shared between your health and your magic reserves.


Message History

Read which item? (? for menu, Esc to quit)
Okay, then.
Unknown command.
Unknown command.
Read which item? (? for menu, Esc to quit)
Really read
n - a scroll of fear {!r}?
As you read the scroll of fear {!r}, it crumbles to dust.
You assume a fearsome visage.
Grinder is unaffected.
Read which item? (? for menu, Esc to quit)
Really read
q - a scroll of teleportation {!r}?
You cannot teleport because you are held in place by your roots.
Throwing (i - inventory):
Z - 136 stones (quivered)
Press: ? - help, Shift-Dir - straight line, f - Grinder
Aim: Grinder (moderately wounded)
You throw a stone. The stone closely misses Grinder.
You are too injured to fight recklessly!
You are too injured to fight recklessly!
You are too injured to fight recklessly!
Drink which item? (? for menu, Esc to quit)
Really quaff
j - a potion of might {!q}?
You feel very mighty all of a sudden. Grinder gestures at you.
You resist with significant effort.
You barely miss Grinder.
Grinder is moderately wounded.
Grinder gestures.
Grinder blinks!
Some of the chunks of flesh in your inventory have rotted away.
You cannot move.
You slash Grinder!
Grinder is heavily wounded.
Grinder gestures at you.
You are unaffected.
You hit Grinder but do no damage.
Grinder is heavily wounded.
Grinder hits you.
* * * LOW HITPOINT WARNING * * *
Damage: 4 (max 16)
Your shield prevents you from hitting Grinder.
Grinder is heavily wounded.
You feel less woody.
Your +0 helmet unmelds from your body.
Your +0 pair of boots unmelds from your body.
Your cursed +0 scale mail unmelds from your body.
Grinder drinks a potion.
Grinder is healed!
Damage: 1 (max 16)
You slash Grinder!
Grinder is moderately wounded.
Grinder hits you.
You die...

#..........#..
#.####.#
#..........###
#.#..#.#
#.............
#.#..+.'
#....[.....###
#.#'##.#
#..$.......#
#.......
#....).....#
#.#'##.#
#.....(....#
#.#..#.#
#...!......#
#.#..+.+
#.......@..#
#.####.#
#.(....5...#
#.......
#.............
#.####.#
#..........)....
#.# #.#
########......##
#.# + #......#
#.# #......#
.... ###....#
#### ...


You could see Grinder.

Vanquished Creatures
  Robin (D:2)
  5 adders (D:3)
  An ooze (D:2)
  3 worms
  A giant gecko (D:3)
  2 orcs (D:3)
  7 bats
  3 giant cockroaches
  8 hobgoblins
  A ball python (D:2)
  4 giant newts
  14 goblins
  6 kobolds
  2 quokkas
  5 rats
63 creatures vanquished.

Notes
Turn   | Place    | Note
--------------------------------------------------------------
     0 | D:1      | Gorice the Demonspawn Wanderer began the quest for the Orb.
     0 | D:1      | Gorice set off with: a +0 shield, a +0 falchion, a potion of lignification {!q}, a +0 robe, a bread ration {!e}
     0 | D:1      | Reached XP level 1. HP: 21/21 MP: 1/1
   149 | D:1      | Reached skill level 3 in Long Blades
   222 | D:1      | Gained mutation: When hurt, damage is shared between your health and your magic reserves. [demonic ancestry]
   222 | D:1      | Reached XP level 2. HP: 25/27 MP: 2/2
  1027 | D:2      | Gained mutation: You are partially covered in molten scales (AC +1). [demonic ancestry]
  1027 | D:2      | Reached XP level 3. HP: 33/33 MP: 3/3
  1047 | D:2      | Found a bloodstained altar of Trog.
  1066 | D:2      | Noticed Robin
  1072 | D:2      | HP: 7/33 [goblin/dagger[Robin] (4)]
  1072 | D:2      | HP: 3/33 [goblin[Robin] (2)]
  1085 | D:2      | HP: 3/33 [goblin[Robin] (1)]
  1532 | D:2      | Killed Robin
  1929 | D:3      | Reached skill level 4 in Long Blades
  1929 | D:3      | Gained mutation: Your flesh is cold resistant. [demonic ancestry]
  1929 | D:3      | Reached XP level 4. HP: 39/39 MP: 4/4
  2128 | D:3      | Found an iron altar of Okawaru.
  2136 | D:3      | Became a worshipper of Warmaster Okawaru
  2355 | D:3      | Reached skill level 1 in Armour
  2436 | D:3      | Noticed Grinder
  2441 | D:3      | Paralysed by Grinder for 4 turns
  2442 | D:3      | HP: 11/39 [Grinder (2)]
  2443 | D:3      | HP: 5/39 [Grinder (5)]
  2443 | D:3      | HP: 2/39 [kobold (1)]
  2456 | D:3      | HP: 5/58 [kobold (1)]
  2464 | D:3      | HP: 3/58 [Grinder (4)]
  2466 | D:3      | Slain by Grinder

Action                   |  1- 3 |  4- 6 || total
-------------------------+-------+-------++-------
Melee: Falchion          |   153 |   108 ||   261
Throw: Stone             |       |     1 ||     1
  Use: Scroll            |     6 |     1 ||     7
       Potion            |       |     2 ||     2
 Stab: Sleeping          |     1 |       ||     1
  Eat: Chunk             |     3 |     2 ||     5

Table legend:
 A = Turns spent in this place as a percentage of turns spent in the entire game.
 B = Non-inter-level travel turns spent in this place as a percentage of non-inter-level travel turns spent in the entire game.
 C = Inter-level travel turns spent in this place as a percentage of turns spent in this place.
 D = Turns resting spent in this place as a percentage of non-inter-level travel turns spent in this place.
 E = Turns spent auto-exploring this place as a percentage of non-inter-level travel turns spent in this place.
 F = Non-inter-level travel turns spent in this place divided by the number of levels of this place that you've seen.
                   A       B       C       D       E      F
               +-------+-------+-------+-------+-------+----------------------
         Total | 100.0 | 100.0 |   0.5 |   0.7 |   6.5 | 343.3
       Dungeon | 100.0 | 100.0 |   0.5 |   0.7 |   6.5 | 343.3
               +-------+-------+-------+-------+-------+----------------------

Vault maps used:
D:1:      eino_arrival_water_cross
D:2:      old_standard_altar, uniq_robin
D:3:      minmay_door_path, okawaru_gym_becter, uniq_grinder
